 Dungeon Crawl Stone Soup version 0.22.1-2-g9c5b331 (webtiles) character file.

4 MalarOregon the Sneak (level 1, 0/14 HPs)
             Began as a Merfolk Enchanter on Nov 16, 2018.
             Slain by a frilled lizard (3 damage)
             ... on level 1 of the Dungeon.
             The game lasted 00:00:24 (37 turns).

MalarOregon the Sneak (Merfolk Enchanter)             Turns: 37, Time: 00:00:25

Health: 0/14       AC:  2    Str:  8    XL:     1   Next: 70%
Magic:  3/3        EV: 13    Int: 14    God:
Gold:   0          SH:  0    Dex: 14    Spells: 3/4 levels left

rFire    . . .     SeeInvis .   a - +1 dagger
rCold    . . .     Gourm    .   (no shield)
rNeg     . . .     Faith    .   b - +0 robe
rPois    .         Spirit   .   (no helmet)
rElec    .         Reflect  .   (no cloak)
rCorr    .         Harm     .   (no gloves)
MR       .....                  (no boots)
Stlth    ++........             (no amulet)
HPRegen  0.04/turn              (no ring)
MPRegen  0.08/turn              (no ring)

@: no status effects
A: change form in water, swift swim, stealthy swim
a: no special abilities


You were on level 1 of the Dungeon.
You were not hungry.

You visited 1 branch of the dungeon, and saw 1 of its levels.

Inventory:

Hand Weapons
 a - a +1 dagger (weapon)
Armour
 b - a +0 robe (worn)
Scrolls
 c - a scroll of remove curse {unknown}
Comestibles
 e - a ration {!d}


   Skills:
 + Level 0.3 Fighting
 + Level 1.3 Short Blades
 + Level 2.8 Dodging
 + Level 3.3 Stealth
 + Level 2.0 Spellcasting
 + Level 3.0 Hexes


You had 3 spell levels left.
You knew the following spells:

 Your Spells              Type           Power        Failure   Level  Hunger
a - Corona                Hex            ##.....      7%          1    ##.....

Your spell library contained the following spells:

 Spells                   Type           Power        Failure   Level  Hunger
 Ensorcelled Hibernation  Hex/Ice        #.....       19%         2    ###....
 Confuse                  Hex            ##......     21%         3    ####...
 Tukima's Dance           Hex            ##......     21%         3    ####...
 Dazzling Spray           Conj/Hex       #.....       36%         3    ####...


Dungeon Overview and Level Annotations

Branches:
Dungeon (1/15)

Altars:


Message History

You hit the ball python.
You kill the ball python!
You hit the dart slug. The dart slug barely misses you.
You hit the dart slug. You hit the dart slug but do no damage.
The dart slug bites you but does no damage.
You hit the dart slug but do no damage. The dart slug bites you.
You hit the dart slug. You hit the dart slug.
You kill the dart slug!
No target in view!
c - a scroll labeled CANUTS ANUSE
Found a yellow potion.
A frilled lizard and a ball python come into view.
The frilled lizard hisses angrily.
Found a puce potion.
There are monsters nearby!
There are monsters nearby!
There are monsters nearby!
The ball python hisses angrily.
You see here a yellow potion.
The frilled lizard bites you.
You barely miss the ball python. The ball python closely misses you.
The ball python barely misses you. The frilled lizard barely misses you.
You hit the ball python. The ball python barely misses you.
The ball python completely misses you. The frilled lizard misses you.
You hit the ball python but do no damage.
The ball python barely misses you. The ball python grabs you.
The ball python constricts you. The frilled lizard barely misses you.
The ball python closely misses you. The ball python constricts you.
You barely miss the ball python. The ball python bites you.
The ball python constricts you.
You completely miss the ball python. The frilled lizard bites you.
* * * LOW HITPOINT WARNING * * *
The ball python bites you but does no damage.
The ball python constricts you.
You hit the ball python.
The frilled lizard bites you but does no damage.
The ball python barely misses you. The ball python constricts you.
You closely miss the ball python. The frilled lizard bites you.
* * * LOW HITPOINT WARNING * * *
The ball python closely misses you.
* * * LOW HITPOINT WARNING * * *
The ball python constricts you.
You escape the ball python's grasp.
You hit the ball python.
You kill the ball python!
The frilled lizard completely misses you.
You hit the frilled lizard. The frilled lizard bites you.
You die...

##..............## #
###....#.......#..#
#.
#.....###.....###.#
.##.#.#..#.......#
.#
...................
# .
.##.#.#....#########
#.###.......##
#........#.##
##.....!@#.#
##.....†l#.#
...........#
.#.......###
#.......# #.......#
....!..### .####.#
#.


You could see a frilled lizard.

Vanquished Creatures
  A dart slug (D:1)
  2 ball pythons (D:1)
3 creatures vanquished.

Notes
Turn   | Place    | Note
-------+----------+-------------------------------------------
     0 | D:1      | MalarOregon the Merfolk Enchanter began the quest for the
                  | Orb.
     0 | D:1      | Reached XP level 1. HP: 13/13 MP: 3/3
    37 | D:1      | Slain by a frilled lizard

Action                   || total
-------------------------++-------
Melee: Dagger            ||    18
Armor: Robe              ||     4
Dodge: Dodged            ||    17
